 Dungeon Crawl Stone Soup version 0.18.1-8-gdd0e5ea (webtiles) character file.

145 dvd the Chopper (level 5, -7/45 HPs)
             Began as a Hill Orc Gladiator on June 10, 2016.
             Mangled by a river rat (8 damage)
             ... in a sewer.
             The game lasted 00:04:44 (2271 turns).

dvd the Chopper (Hill Orc Gladiator)                Turns: 2271, Time: 00:04:45

Health: -7/45      AC:  7    Str: 19    XL:     5   Next: 27%
Magic:  0/5        EV: 12    Int:  8    God:
Gold:   46         SH:  0    Dex: 11    Spells: 0 memorised, 4 levels left

rFire  . . .     SeeInvis .     a - +0 war axe
rCold  . . .     Gourm    .     g - +0 ring mail
rNeg   . . .     Faith    .     (no shield)
rPois  .         Spirit   +     c - +0 helmet
rElec  .         Dismiss  .     (no cloak)
rCorr  .         Reflect  .     m - +0 pair of gloves
SustAt .         Harm     .     (no boots)
MR     .....                    o - amulet of guardian spirit
Stlth  +.........               (no ring)
                                (no ring)

@: not resistant to hostile enchantments, very unstealthy
A: no striking features
a: no special abilities


You were in a sewer.
You were not hungry.

You visited 1 branch of the dungeon, and saw 3 of its levels.
You also visited: Sewer.

You collected 46 gold pieces.

Inventory:

Hand Weapons
 a - a +0 war axe (weapon)
 h - a +0 whip
Missiles
 d - 3 throwing nets
 s - 3 tomahawks (quivered)
Armour
 b - a +0 leather armour
 c - a +0 helmet (worn)
 g - a +0 ring mail (worn)
 m - a +0 pair of gloves (worn)
Jewellery
 o - an amulet of guardian spirit (around neck)
Scrolls
 e - 3 scrolls of identify {unknown}
 j - 3 scrolls of teleportation {unknown}
 p - a scroll of blinking {unknown}
 r - a scroll of fog {unknown}
 v - a scroll of amnesia {unknown}
Potions
 i - a potion of curing
 k - a potion of agility {unknown}
 l - a potion of resistance {unknown}
 n - a potion of cancellation {unknown}
Comestibles
 f - a bread ration
 q - 4 meat rations
 t - a slice of pizza


   Skills:
 + Level 3.0 Fighting
 + Level 5.3 Axes
 + Level 2.0 Throwing
 + Level 2.9 Armour
 + Level 3.1 Dodging


You had 4 spell levels left.
You didn't know any spells.

Dungeon Overview and Level Annotations

Branches:
Dungeon (3/15)

Altars:


Message History

* * * LOW HITPOINT WARNING * * *
The river rat bites you but does no damage.
The river rat barely misses you.
Drink which item? (? for menu, Esc to quit)
You feel better. The river rat closely misses you. x2
The river rat bites you.
* * * LOW HITPOINT WARNING * * *
You closely miss the river rat.
The river rat is lightly wounded.
You hit the river rat but do no damage. You barely miss the river rat.
The river rat is heavily wounded.
The river rat barely misses you. x2; The river rat bites you!
* * * LOW HITPOINT WARNING * * *
Unknown command.
The river rat barely misses you. The river rat bites you.
* * * LOW HITPOINT WARNING * * *
The river rat bites you but does no damage.
A ball python comes into view.
The river rat bites you!
You die...

≈≈≈≈≈≈.....≈≈≈≈≈≈≈≈≈≈≈≈≈≈≈≈#
≈≈≈≈≈≈≈≈≈≈≈≈≈≈≈≈≈≈≈≈≈≈≈≈≈≈≈≈#
≈≈≈≈≈≈≈≈≈≈≈≈≈≈≈≈≈≈≈≈≈≈≈≈≈≈#≈#
≈≈≈..≈......≈.≈≈≈≈≈≈≈≈≈≈≈≈≈#≈
.........÷....≈...≈≈≈≈≈≈
.......÷÷÷..##....≈≈#
.##........####.....
##.......##.....S.
#......rrr@.......
.....####.....###.. ...##
##..### ### ####


You could see 3 river rats and a ball python.

Vanquished Creatures
  A gnoll (D:1)
  4 river rats (Sewer)
  3 adders (D:2)
  A dart slug (D:2)
  2 giant geckos
  An orc (D:3)
  9 ball pythons
  4 giant cockroaches
  5 goblins
  4 hobgoblins
  6 jackals
  10 kobolds
  2 bats
  18 rats
70 creatures vanquished.

Notes
Turn   | Place    | Note
--------------------------------------------------------------
     0 | D:1      | dvd the Hill Orc Gladiator began the quest for the Orb.
     0 | D:1      | Reached XP level 1. HP: 18/18 MP: 1/1
    83 | D:1      | Reached XP level 2. HP: 25/25 MP: 2/2
   119 | D:1      | HP: 1/25 [gnoll/whip (5)]
   131 | D:1      | Reached XP level 3. HP: 3/30 MP: 3/3
   133 | D:1      | HP: 1/30 [jackal (2)]
   623 | D:1      | Reached skill level 1 in Armour
  1210 | D:2      | Reached skill level 5 in Axes
  1327 | D:2      | Reached XP level 4. HP: 35/37 MP: 4/4
  1856 | D:3      | Found a glowing drain.
  1899 | Sewer    | Entered a sewer
  1997 | Sewer    | Reached XP level 5. HP: 38/44 MP: 5/5
  2269 | Sewer    | HP: 1/45 [river rat (4)]
  2271 | Sewer    | Mangled by a river rat

Skill      XL: |  1  2  3  4  5 |
---------------+----------------+-----
Armour         | 1 2 |  2.9
Axes           | 5 |  5.3
Dodging        | 3 |  3.1
Fighting       | 3 |  3.0
Throwing       | 2 |  2.0

Action                   |  1- 3 |  4- 6 || total
-------------------------+-------+-------++-------
Melee: War axe           |   124 |    94 ||   218
Throw: Throwing net      |     6 |       ||     6
       Tomahawk          |     3 |     4 ||     7
  Use: Potion            |     1 |     1 ||     2
  Eat: Chunk             |     1 |     4 ||     5
Armor: Leather armour    |    16 |       ||    16
       Ring mail         |    39 |    40 ||    79
Dodge: Dodged            |   104 |    71 ||   175
